 Dungeon Crawl Stone Soup version 0.26-a0-690-gcb57259078 (webtiles) character file.

Game seed: 11437585455318679975

338 jiml777 the Magician (level 6, -3/32 HPs)
             Began as a Deep Elf Air Elementalist on Oct 23, 2020.
             Shot with an arrow by a centaur (10 damage)
             ... on level 5 of the Dungeon.
             The game lasted 00:38:42 (4005 turns).

jiml777 the Magician (Deep Elf Air Elementalist)    Turns: 4005, Time: 00:38:42

Health: -3/32      AC:  4    Str:  5    XL:     6   Next: 29%
Magic:  13/15      EV: 15    Int: 22    God:
Gold:   216        SH:  0    Dex: 27    Spells: 5/15 levels left

rFire    . . .     SeeInvis .   o - +2 short sword (holy)
rCold    . . .     Faith    .   (no shield)
rNeg     . . .     Spirit   .   a - +0 robe
rPois    .         Reflect  .   (no helmet)
rElec    .         Harm     .   (no cloak)
rCorr    .         Rampage  .   (no gloves)
MR       .....                  j - +1 pair of boots
Stlth    +++.......             l - amulet of regeneration
HPRegen  0.50/turn              c - +6 ring of dexterity
MPRegen  0.14/turn              n - +6 ring of dexterity

@: no status effects
A: no striking features
a: no special abilities


You were on level 5 of the Dungeon.
You visited 1 branch of the dungeon, and saw 5 of its levels.

You collected 216 gold pieces.

Inventory:

Hand Weapons
 d - a +2 mace of holy wrath
 i - a +0 rapier
 o - a +2 short sword of holy wrath (weapon)
 r - a +0 shortbow of flaming
Missiles
 e - 44 bolts
 f - 67 arrows
 g - 3 datura-tipped darts (quivered)
Armour
 a - a +0 robe (worn)
 j - a +1 pair of boots (worn)
Jewellery
 c - a +6 ring of dexterity (left hand)
 l - an amulet of regeneration (around neck)
 n - a +6 ring of dexterity (right hand)
Scrolls
 b - a scroll of fog
 u - a scroll of remove curse
Potions
 h - a potion of flight
 k - 2 potions of lignification
 m - a potion of berserk rage
 p - 2 potions of resistance
 q - 2 potions of heal wounds
 s - a potion of might {unknown}
 t - a potion of stabbing {unknown}
 v - a potion of degeneration {unknown}


   Skills:
 * Level 3.3 Dodging
 * Level 3.7 Stealth
 * Level 5.2 Spellcasting
 * Level 3.3 Conjurations
 * Level 4.7 Air Magic


You had 5 spell levels left.
You knew the following spells:

 Your Spells              Type           Power        Failure   Level
a - Shock                 Conj/Air       ###.         1%          1
b - Swiftness             Air            ####....     2%          2
c - Static Discharge      Conj/Air       ###.....     6%          3
d - Airstrike             Air            ####......   14%         4

Your spell library contained the following spells:

 Spells                   Type           Power        Failure   Level
 Lightning Bolt           Conj/Air       ###.......   47%         5


Dungeon Overview and Level Annotations

Branches:
Dungeon (5/15)
 Temple: D:4-7

Altars:
Ashenzari
Dithmenos
Elyvilon
Gozag
Hepliaklqana
Qazlal
Ru
Trog
Uskayaw
Vehumet
Wu Jian
Xom
The Shining One


Message History

Confirm with . or Enter, or press ? or * to list all spells.
Aiming: Shock (safe; 1% risk of failure)
Press: ? - help, Shift-Dir - straight line, f/p - centaur
Aim: a centaur, wielding a +0 shortbow and quivering 17 arrows (moderately wounded)
The zap hits the centaur.
The centaur is heavily wounded.
The centaur shoots an arrow.
The arrow hits you!
The howler monkey hoots and howls with incredible vigour!
You hear a shout!
Casting: Shock (safe; 1% risk of failure)
Confirm with . or Enter, or press ? or * to list all spells.
Aiming: Shock (safe; 1% risk of failure)
Press: ? - help, Shift-Dir - straight line, f/p - centaur
Aim: a centaur, wielding a +0 shortbow and quivering 16 arrows (heavily wounded)
The zap hits the centaur.
The centaur is severely wounded.
The centaur shoots an arrow.
The arrow hits you! The howler monkey hits you.
* * * LOW HITPOINT WARNING * * *
The centaur shoots an arrow.
The arrow hits you!
You die...

...>....# ### ####
......### #.. ...
..###.... #.# ..#
#.###.##.##.##..# .##
#...............##c....
#...####....(.........#
#.### ####.########..#
#.# #.########>.# #.#
#...c.@h....## #.#
########.....# #.#
##########.#.#.#####
#.#
#...........<.......
#.#
#.########.#.#.####o
#.# #.# #.....# #.# #.#
###.### #.#######.# #.#
#.........# #.#


You could see a centaur and a howler monkey.

Vanquished Creatures
  A centaur (D:5)
  A jelly (D:5)
  2 iguanas (D:5)
  6 adders
  A white imp (D:5)
  2 oozes
  4 worms
  3 dart slugs
  3 leopard geckos (D:1)
  10 orcs
  3 giant cockroaches
  6 goblins
  10 hobgoblins
  2 jackals (D:3)
  3 quokkas
  2 ball pythons
  6 bats
  6 frilled lizards
  7 kobolds
  A leopard gecko zombie (D:5)
  10 rats
89 creatures vanquished.

Notes
Turn   | Place    | Note
-------+----------+-------------------------------------------
     0 | D:1      | jiml777 the Deep Elf Air Elementalist began the quest for
                  | the Orb.
     0 | D:1      | Reached XP level 1. HP: 10/10 MP: 6/6
   318 | D:1      | Reached XP level 2. HP: 15/15 MP: 6/8
  1070 | D:1      | Reached XP level 3. HP: 19/19 MP: 6/9
  1223 | D:2      | Found an ornate altar of the Wu Jian Council.
  1266 | D:2      | Noticed a moth of wrath
  1269 | D:2      | Found a bloodstained altar of Trog.
  1604 | D:2      | Found a broken altar of Ashenzari.
  1787 | D:2      | Learned a level 2 spell: Swiftness
  1871 | D:2      | Reached XP level 4. HP: 23/24 MP: 9/11
  2318 | D:3      | Learned a level 3 spell: Static Discharge
  2323 | D:3      | Learned a level 4 spell: Airstrike
  2640 | D:3      | Found a sacrificial altar of Ru.
  2659 | D:3      | Reached skill level 4 in Spellcasting
  2869 | D:3      | Reached XP level 5. HP: 28/28 MP: 5/13
  3029 | D:3      | Found a hazy altar of Hepliaklqana.
  3338 | D:4      | Found a shimmering altar of Xom.
  3338 | D:4      | Found a shadowy altar of Dithmenos.
  3338 | D:4      | You fall into a shaft and drop 1 floor!
  3338 | D:5      | Entered Level 5 of the Dungeon
  3420 | D:5      | Found a radiant altar of Vehumet.
  3421 | D:5      | Found a hide-covered altar of Uskayaw.
  3421 | D:5      | Found an opulent altar of Gozag.
  3421 | D:5      | Found a white marble altar of Elyvilon.
  3423 | D:5      | Found a glowing golden altar of the Shining One.
  3424 | D:5      | Found a stormy altar of Qazlal.
  3778 | D:5      | Noticed a centaur
  3830 | D:5      | Killed a centaur
  3830 | D:5      | Reached skill level 5 in Spellcasting
  3830 | D:5      | Reached XP level 6. HP: 26/32 MP: 11/15
  4005 | D:5      | Shot with an arrow by a centaur

Illustrated notes

Levels and vault maps discovered:
D:1:      matt_arrival_refuge, layout_loops_corners,
          chequers_serial_rivers_small_b
D:2:      layout_rooms, tgw_trog, overflow_temple_1_default,
          nicolae_ashenzari_panopticon, chequers_serial_rivers_room_a,
          grunt_decor_one_mirror, minmay_misc_feat_secret_circle
D:3:      layout_basic, old_standard_altar, nicolae_ru_awakened_eye
D:4:      layout_loops_corners, gammafunk_temple_overflow_pools, serial_shops,
          nicolae_shop_statue_plus
D:5:      layout_loops_ring, grunt_temple_overflow_open, supply_closet_lemuel

Skill      XL: |  1  2  3  4  5 |
---------------+----------------+-----
Air Magic      | 4 |  4.7
Stealth        | 3 |  3.7
Conjurations   | 2 3 |  3.3
Spellcasting   | 4 5 |  5.2
Dodging        | 3 |  3.3

Action                   |  1- 3 |  4- 6 || total
-------------------------+-------+-------++-------
 Cast: Shock             |    81 |   112 ||   193
  Use: Scroll            |     6 |     4 ||    10
Armor: Robe              |     5 |     2 ||     7
Dodge: Dodged            |    20 |    18 ||    38

Table legend: (Time is in decaauts)
 A = Elapsed time spent in this place.
 B = Non-inter-level travel time spent in this place.
 C = Inter-level travel time spent in this place.
 D = Time resting spent in this place.
 E = Time spent auto-exploring this place.
 F = Levels seen in this place.
 G = Mean time per level.
                   A        B        C        D        E       F      G
               +--------+--------+--------+--------+--------+-----+--------+
         Total |   4003 |   3967 |     36 |   1119 |   1778 |   5 |  800.6 |
       Dungeon |   4003 |   3967 |     36 |   1119 |   1778 |   5 |  800.6 |
               +--------+--------+--------+--------+--------+-----+--------+

Top non-repeatable levels by time:
     D:1: 1222 daAuts
     D:2: 1060 daAuts
     D:3: 1043 daAuts
     D:5: 666 daAuts
     D:4: 9 daAuts
